 Dungeon Crawl Stone Soup version 0.30-a0-743-gbfdf073431 (webtiles) character file.

Game seed: 10631190804805859334

49 MachoJfn the Grave Robber (level 3, -5/24 HPs)
             Began as a Mummy Necromancer on Feb 7, 2023.
             Was a Plaything of Xom.
             Slain by an iron imp (10 damage)
             ... summoned by Xom
             ... on level 1 of the Dungeon.
             The game lasted 00:06:58 (1243 turns).

MachoJfn the Grave Robber (Mummy Necromancer)       Turns: 1243, Time: 00:06:59

Health: -5/24      AC:  3    Str: 11    XL:     3   Next: 51%
Magic:  3/7        EV: 12    Int: 16    God:    Xom [*.....]
Gold:   30         SH:  0    Dex: 12    Spells: 7/8 levels left

rFire   x . .      SeeInvis .    b - +0 dagger
rCold   + + .      Faith    +    (no shield)
rNeg    + + +      Spirit   .    a - +0 robe
rPois   ∞          Reflect  .    (no helmet)
rElec   .          Harm     .    (no cloak)
rCorr   .          Rampage  .    f - +0 pair of gloves
Will    .....                    (no boots)
Stlth   ++                       (no amulet)
HPRegen 0.24/turn                g - ring of protection from cold
MPRegen 0.10/turn                (no ring)

@: no status effects
A: cold resistance 1, negative energy resistance 3, torment resistance 2, heat
vulnerability 1, in touch with death 1, no potions, faith
a: Renounce Religion


You were on level 1 of the Dungeon.
You worshipped Xom.
You were a special plaything of Xom.
You visited 1 branch of the dungeon, and saw 2 of its levels.

You collected 30 gold pieces.

Inventory:

Hand Weapons
 b - a +0 dagger (weapon)
Armour
 a - a +0 robe (worn)
 f - a +0 pair of gloves (worn)
Magical Staves
 d - a staff of fire
Jewellery
 g - a ring of protection from cold (left hand)
Scrolls
 c - 3 scrolls of identify {unknown}
 e - a scroll of vulnerability {unknown}
 h - a scroll of brand weapon {unknown}
 i - a scroll of enchant weapon {unknown}


   Skills:
 + Level 0.1 Fighting
 + Level 0.1 Short Blades
 + Level 1.6 Dodging
 + Level 1.7 Stealth
 + Level 3.4 Spellcasting
 + Level 4.8 Necromancy


You had 7 spell levels left.
You knew the following spells:

 Your Spells              Type           Power      Damage    Failure   Level
a - Necrotise             Necr           100%       1d9       2%          1

Your spell library contained the following spells:

 Spells                   Type           Power      Damage    Failure   Level
 Kiss of Death            Conj/Necr      60%        2d10      7%          1
 Vampiric Draining        Necr           27%        2d7       8%          3
 Animate Dead             Necr           27%        N/A       24%         4
 Dispel Undead            Necr           27%        3d13      24%         4
 Confusing Touch          Hex            2%         N/A       47%         3
 Agony                    Necr           27%        N/A       56%         5


Dungeon Overview and Level Annotations

Branches:
Dungeon (2/15)

Altars:
Xom

Shops:
D:1 [(


Innate Abilities, Weirdness & Mutations

You are immune to poison.
Your flesh is cold resistant. (rC+)
You are immune to negative energy. (rN+++)
You are immune to unholy pain and torment.
You are vulnerable to heat. (rF-)
You are in touch with the powers of death.
You do not drink.
You have a special connection with the divine. (Faith)


Message History

Confirm with . or Enter, or press ? or * to list all spells.
Aiming: Necrotise (safe; 2% risk of failure)
Press: ? - help, Shift-Dir - straight line, p - iron imp
Okay, then.
You open the door. The ufetubus closely misses you.
The ufetubus hits you but does no damage.
The iron imp closely misses you. The ufetubus attacks as you move away!
The ufetubus hits you.
* * * LOW HITPOINT WARNING * * *
The ufetubus hits you but does no damage. x2
The ufetubus closely misses you.
There is an open door here.
The ufetubus attacks as you move away! The ufetubus barely misses you.
The ufetubus closely misses you.
There is an entrance to Gamef's Antique Weapon Emporium here.
You hit the iron imp.
The iron imp is lightly wounded.
Casting: Necrotise (safe; 2% risk of failure)
Confirm with . or Enter, or press ? or * to list all spells.
Aiming: Necrotise (safe; 2% risk of failure)
Press: ? - help, Shift-Dir - straight line, f - you, p - iron imp You feel a surge of power!
That beam is likely to hit you.
Continue anyway? [Y]es or [N]o only, please.
That beam is likely to hit you.
Continue anyway?
Okay, then.
Casting: Necrotise (safe; 2% risk of failure)
Confirm with . or Enter, or press ? or * to list all spells.
Aiming: Necrotise (safe; 2% risk of failure)
Press: ? - help, Shift-Dir - straight line, f - iron imp
Aim: an iron imp (lightly wounded, summoned, not susceptible)
You feel a surge of power!
The iron imp is unaffected.
The iron imp closely misses you.
Casting: Necrotise (safe; 2% risk of failure)
Confirm with . or Enter, or press ? or * to list all spells.
Aiming: Necrotise (safe; 2% risk of failure)
Press: ? - help, Shift-Dir - straight line, f/p - iron imp
Aim: an iron imp (lightly wounded, summoned, not susceptible)
You feel a surge of power!
The iron imp is unaffected.
The iron imp hits you!
You die...

######## #......# #'####.#
#.# #.# #####.####.#
###.'..@55'..#
####...###.###..#
##....###.#.#.(..#
######.........#+#....#
........#....###...#########
...###.#...### #### #.....#
...###...#.######## #.....#
...#.....#....#...# #.....#
.....#............## #.....#


You could see an iron imp (summoned) and an ufetubus (summoned).

Vanquished Creatures
  An adder (D:2)
  A dart slug (D:2)
  A bat (D:1)
  2 endoplasms
  A giant cockroach (D:2)
  2 goblins (D:1)
  5 hobgoblins
  8 jackals
  A kobold (D:1)
  5 ball pythons
  2 rats (D:2)
29 creatures vanquished.

Vanquished Creatures (collateral kills)
  A goblin (D:1)
  A hobgoblin (D:1)
  A ball python (D:1)
3 creatures vanquished.

Grand Total: 32 creatures vanquished

Notes
Turn   | Place    | Note
-------+----------+-------------------------------------------
     0 | D:1      | MachoJfn the Mummy Necromancer began the quest for the Orb.
     0 | D:1      | Reached XP level 1. HP: 13/13 MP: 4/4
    59 | D:1      | Found Vatwud's Antique Armour Emporium.
   137 | D:1      | Reached XP level 2. HP: 19/19 MP: 2/5
   714 | D:1      | You fall into a shaft and drop 1 floor!
   714 | D:2      | Found a shimmering altar of Xom.
   720 | D:2      | Became a worshipper of Xom of Chaos
   729 | D:2      | XOM: smoke on damage
   803 | D:2      | Gained mutation: You are in touch with the powers of death.
                  | [Mummy growth]
   803 | D:2      | Reached XP level 3. HP: 21/24 MP: 0/7
   963 | D:2      | XOM: divination: detect items
  1210 | D:1      | Found Gamef's Antique Weapon Emporium.
  1231 | D:1      | XOM: summons 2 hostile demons
  1243 | D:1      | Slain by an iron imp

Illustrated notes

Levels and vault maps discovered:
D:1:      minmay_arrival_plants_in_alcoves, layout_rooms, serial_shops,
          nicolae_shop_hallway_plus, nicolae_shop_behind_doors
D:2:      layout_loops_ring, basic_altar, kennysheep_generic_room_6,
          uniq_sigmund

Skill      XL: |  1  2 |
---------------+-------+-----
Spellcasting   | 3 |  3.4
Fighting       | |  0.1
Short Blades   | |  0.1
Dodging        | |  1.6
Stealth        | |  1.7
Necromancy     | |  4.8

Action                     || total
---------------------------++-------
  Melee: Unarmed           ||     1
         Dagger            ||    23
   Cast: Necrotise         ||    54
 Armour: Robe              ||     8
  Dodge: Dodged            ||    34

Table legend: (Time is in decaauts)
 A = Elapsed time spent in this place.
 B = Non-inter-level travel time spent in this place.
 C = Inter-level travel time spent in this place.
 D = Time resting spent in this place.
 E = Time spent auto-exploring this place.
 F = Levels seen in this place.
 G = Mean time per level.
                   A        B        C        D        E       F      G
               +--------+--------+--------+--------+--------+-----+--------+
         Total |   1242 |   1034 |    208 |     62 |    783 |   2 |  621.0 |
       Dungeon |   1242 |   1034 |    208 |     62 |    783 |   2 |  621.0 |
               +--------+--------+--------+--------+--------+-----+--------+

Top non-repeatable levels by time:
     D:1: 783 daAuts
     D:2: 458 daAuts
